 Dungeon Crawl Stone Soup version 0.25-a0-341-g6f074c887a (webtiles) character file.

Game seed: 5887347327508325496, levelgen mode: classic

266165 Borgoz the Stickfighter (level 20, -1/134 HPs)
             Began as a Gargoyle Gladiator on Dec 30, 2019.
             Was the Champion of Ashenzari.
             Slain by an ettin simulacrum (11 damage)
             ... on level 1 of the Vaults.
             The game lasted 01:40:40 (45407 turns).

Borgoz the Stickfighter (Gargoyle Gladiator)       Turns: 45407, Time: 01:40:40

Health: -1/134     AC: 40    Str: 20    XL:     20   Next: 9%
Magic:  0/25       EV: 15    Int: 12    God:    Ashenzari [******]
Gold:   2708       SH:  0    Dex: 15    Spells: 15/19 levels left

rFire    + . .     SeeInvis +   b - +5 lajatang (speed)
rCold    + . .     Gourm    .   (shield currently unavailable)
rNeg     + . .     Faith    .   L - +1 chain mail of Ugoudgheu {rF+ MR+}
rPois    ∞         Spirit   +   y - +2 hat
rElec    +         Reflect  .   e - scarf {Spirit} (curse)
rCorr    .         Harm     .   A - +2 pair of gloves {archery}
MR       ++...     Clarity  +   J - +2 pair of boots
Stlth    ..........             j - amulet of rage (curse)
HPRegen  0.32/turn              c - ring of protection from cold
MPRegen  0.19/turn              Y - +5 ring of slaying

@: flying, slowed, very slow
A: big wings, negative energy resistance 1, electricity resistance, unbreathing,
petrification resistance, rot immunity, AC +15
}: 2/15 runes: decaying, gossamer
a: Stop Flying, Curse Item, Scrying, Transfer Knowledge, Renounce Religion,
Evoke Berserk Rage


You were on level 1 of the Vaults.
You worshipped Ashenzari.
Ashenzari was exalted by your worship.
You were not hungry.

You visited 7 branches of the dungeon, and saw 33 of its levels.
You also visited: Bailey, Gauntlet and Ice Cave.

You collected 4116 gold pieces.
You spent 1408 gold pieces at shops.

Inventory:

Hand Weapons
 a - a +4 quarterstaff of protection
 b - a +5 lajatang of speed (weapon)
 E - the +3 demon whip of Unreason {drain, Str+5}
   (You found it in an ice cave)

   A truly terrible weapon, it drains the life of those it strikes.
   It affects your strength (+5).
Armour
 d - a scarf of resistance
 e - a cursed scarf of spirit shield (worn)
 y - a +2 hat (worn)
 A - a +2 pair of gloves of archery (worn)
 J - a +2 pair of boots (worn)
 L - the +1 chain mail of Ugoudgheu (worn) {rF+ MR+}
   (You bought it in a shop on level 9 of the Dungeon)

   It protects you from fire.
   It affects your resistance to hostile enchantments.
Jewellery
 c - a ring of protection from cold (left hand)
 j - a cursed amulet of rage (around neck)
 r - an uncursed ring of protection from magic
 s - an uncursed ring of protection from fire
 H - an uncursed ring of resist corrosion
 Y - a +5 ring of slaying (right hand)
Wands
 I - a wand of paralysis (25)
 O - a wand of digging (4)
 P - a wand of clouds (10)
 W - a wand of iceblast (9)
 X - a wand of disintegration (22)
 Z - a wand of acid (12)
Scrolls
 g - 6 scrolls of fog
 h - 6 scrolls of blinking
 k - a scroll of identify
 m - 4 scrolls of fear
 n - 9 scrolls of teleportation
 o - 11 scrolls of remove curse
 q - 2 scrolls of silence
 t - 5 scrolls of magic mapping
 M - 3 scrolls of summoning
 S - 2 scrolls of holy word
Potions
 l - 3 potions of resistance
 p - 5 potions of agility
 u - a potion of might
 w - 5 potions of haste
 B - 7 potions of curing
 Q - 2 potions of cancellation
 T - 4 potions of ambrosia
 U - 3 potions of berserk rage
Comestibles
 f - 52 rations
 i - 14 chunks of flesh


   Skills:
 + Level 17.4 Fighting
 + Level 20.1 Staves
 - Level 1.7 Throwing
 + Level 17.2 Armour
 + Level 12.6 Dodging
 - Level 7.0 Evocations


You had 15 spell levels left.
You knew the following spells:

 Your Spells              Type           Power        Failure   Level  Hunger
a - Confusing Touch       Hex            #.....       83%         1    ##.....
b - Confuse               Hex            #.......     99%         3    ####...

Your spell library contained the following spells:

 Spells                   Type           Power        Failure   Level  Hunger
 Animate Skeleton         Necr           N/A          83%         1    ##.....
 Apportation              Tloc           #.....       83%         1    ##.....
 Corona                   Hex            #......      83%         1    ##.....
 Freeze                   Ice            #...         83%         1    ##.....
 Magic Dart               Conj           #...         83%         1    ##.....
 Pain                     Necr           #...         83%         1    ##.....
 Sandblast                Erth           #.....       83%         1    ##.....
 Summon Small Mammal      Summ           #...         83%         1    ##.....
 Blink                    Tloc           N/A          93%         2    ###....
 Call Imp                 Summ           #.......     93%         2    ###....
 Passwall                 Tmut/Erth      #.......     93%         2    ###....
 Shroud of Golubria       Chrm/Tloc      #.....       93%         2    ###....
 Slow                     Hex            #.......     93%         2    ###....
 Call Canine Familiar     Summ           #.......     99%         3    ####...
 Conjure Flame            Conj/Fire      #.......     99%         3    ####...
 Gell's Gravitas          Tloc           #.........   99%         3    ####...
 Inner Flame              Hex/Fire       #.......     99%         3    ####...
 Mephitic Cloud           Conj/Pois/Air  #.......     99%         3    ####...
 Ozocubu's Armour         Chrm/Ice       #.......     99%         3    ####...
 Portal Projectile        Hex/Tloc       #.....       99%         3    ####...
 Recall                   Summ/Tloc      N/A          99%         3    ####...
 Regeneration             Chrm/Necr      #.........   99%         3    ####...
 Stone Arrow              Conj/Erth      #.....       99%         3    ####...
 Summon Guardian Golem    Hex/Summ       #.......     99%         3    ####...
 Vampiric Draining        Necr           #.........   99%         3    ####...
 Animate Dead             Necr           N/A          100%        4    #####..
 Cause Fear               Hex            #.........   100%        4    #####..
 Hailstorm                Conj/Ice       #.......     100%        4    #####..
 Leda's Liquefaction      Hex/Erth       #.........   100%        4    #####..
 Petrify                  Tmut/Erth      #.......     100%        4    #####..
 Summon Ice Beast         Ice/Summ       #.......     100%        4    #####..
 Summon Lightning Spire   Summ/Air       #.......     100%        4    #####..
 Aura of Abjuration       Summ           #.........   100%        5    ######.
 Bolt of Magma            Conj/Fire/Erth #.........   100%        5    ######.
 Metabolic Englaciation   Hex/Ice        #.........   100%        5    ######.
 Silence                  Hex/Air        #.........   100%        5    ######.
 Summon Demon             Summ           #.........   100%        5    ######.
 Summon Forest            Summ/Tloc      #.........   100%        5    ######.
 Summon Mana Viper        Hex/Summ       #.......     100%        5    ######.
 Yara's Violent Unravell  Hex/Tmut       #.........   100%        5    ######.
 Deflect Missiles         Chrm/Air       #.........   100%        6    #######
 Dispersal                Tloc           #.........   100%        6    #######
 Shadow Creatures         Summ           N/A          100%        6    #######
 Ring of Flames           Chrm/Fire      #.........   100%        7    #######
 Controlled Blink         Tloc           N/A          100%        8    #######
 Discord                  Hex            #.........   100%        8    #######
 Disjunction              Tloc           #.........   100%        8    #######
 Statue Form              Tmut/Erth      Unusable     N/A         6    N/A

Dungeon Overview and Level Annotations

Branches:
Dungeon (15/15)            Temple (1/1) D:5            Lair (6/6) D:11
  Swamp (4/4) Lair:3       Spider (4/4) Lair:4        Slime (0/5) Lair:5
    Orc (2/2) D:10            Elf (0/3) Orc:2        Vaults (1/5) D:14
 Depths (0/5) D:15         Bailey (visited)           IceCv (visited)
Gauntlet (visited)

Altars:
Ashenzari
Cheibriados
Dithmenos
Elyvilon
Fedhas
Gozag
Hepliaklqana
Kikubaaqudgha
Makhleb
Nemelex Xobeh
Okawaru
Qazlal
Ru
Sif Muna
Trog
Uskayaw
Vehumet
Wu Jian
Xom
Yredelemnul
Zin
The Shining One
Beogh
Jiyva

Shops:
D:6 %   D:9 [   D:13 ?   Orc:2 =?[(


Innate Abilities, Weirdness & Mutations

You are resistant to torment.
Your stone body is resilient. (AC +15)
You are immune to poison.
Your large and strong wings let you fly indefinitely.
You resist negative energy. (rN+)
You are resistant to electric shocks. (rElec)
You can survive without breathing.
You are immune to petrification.
You are immune to rotting.


Message History

The ettin simulacrum hits you.
* * * LOW HITPOINT WARNING * * *
The ettin simulacrum freezes you. You resist.
* * * LOW HITPOINT WARNING * * *
The wraith hits you but does no damage.
Items here: ((( )))))))) [[[[[[[ ††††† The wraith closely misses you.
Items here: )))) [[[[ ÷ †† Your chain mail of Ugoudgheu prevents you from hitting the wraith.
The wraith hits you but does no damage.
You slash the wraith!
The wraith is heavily damaged.
You slice the wraith!!
You destroy the wraith!
You slash the ettin simulacrum!
The ettin simulacrum is heavily damaged.
The ettin simulacrum hits you!!
* * * LOW HITPOINT WARNING * * *
The ettin simulacrum freezes you! You resist.
You die...

..........##.#.#.#{#.##...# .#**
.........###+##########...#,,.,,
,.........#,...,,#.........# ..,
.........#.....,#.........#** **
######...#..... #.........# , ,
#., #......#.........# ,,, ,,#..
* , ,,,#.........# ,,
#...########)))...)..# , ,
,#.......()@ZZ........# ,,
,#.......###########..# ,,
#.......#..[[.)...#..# ,,
#.......#...).....'..#** *
,,#.......#..[......#).#, ,∆ * '
#.......#.........#.(#, , ,,
........#.........#..#. {*, , ,
,........#.........#..#.# ** , ,
........#.........#..#.# ,


You could see an orc knight simulacrum and an ettin simulacrum.

Vanquished Creatures
  Rupert (D:14)
  A sphinx (Vaults:1)
  Roxanne (Swamp:2)
  Frances (Spider:1)
  A thorn hunter (Swamp:3)
  Kirke (Swamp:2)
  Donald (Swamp:1)
  4 ghost moths
  Louise (D:14)
  4 emperor scorpions
  5 vault wardens (Vaults:1)
  2 ironheart preservers (Vaults:1)
  Nessos (D:12)
  2 entropy weavers (Spider:2)
  A dire elephant (D:15)
  Azrael (Orc:2)
  2 spark wasps
  A minotaur (Gauntlet)
  An ettin (Orc:2)
  Snorg (Orc:2)
  A fire dragon (Vaults:1)
  A blizzard demon (IceCv)
  A yaktaur captain (Vaults:1)
  Josephine (D:10)
  2 great orbs of eyes (Vaults:1)
  Fannar (D:12)
  Harold (D:10)
  2 rakshasas (Vaults:1)
  Erolcha (D:12)
  8 vault guards
  23 hydras
  7 ghost crabs
  2 catoblepae (Lair:6)
  6 centaur warriors
  2 ice dragons
  11 two-headed ogres
  4 shambling mangroves
  19 alligators
  7 death yaks
  2 deep troll shamans
  2 ogre magi
  8 orc high priests
  Nergalle (D:11)
  The ghost of LostGamesStreakFreak the Protected, a novice MiFi of Cheibriados (D:8)
  4 deep trolls (Vaults:1)
  A spriggan druid (Swamp:3)
  12 swamp dragons
  4 unseen horrors
  3 wizards
  A lindwurm (shapeshifter) (Vaults:1)
  4 ironbrand convokers (Vaults:1)
  A lindwurm (Lair:4)
  4 deep elf archers (Vaults:1)
  6 deep elf magi
  Pikel (D:7)
  8 ugly things
  A necromancer (Gauntlet)
  8 orc knights
  4 orc sorcerers
  22 orb spiders
  27 wolf spiders
  An elephant (shapeshifter) (Vaults:1)
  2 moths of wrath
  2 oklob plants (Lair:3)
  Joseph (D:7)
  Psyche (D:8)
  7 elephants
  10 cyclopes
  5 black mambas
  18 spiny frogs
  8 vault sentinels (Vaults:1)
  3 torpor snails (Spider:3)
  2 ice statues (IceCv)
  3 gargoyles
  10 rime drakes
  8 komodo dragons
  20 demonic crawlers
  A yaktaur (Vaults:1)
  A kobold demonologist (D:12)
  14 ice devils (IceCv)
  2 freezing wraiths (Vaults:1)
  24 jumping spiders
  4 polar bears
  A merfolk (shapeshifter) (Vaults:1)
  9 trolls
  13 tyrant leeches
  A queen bee (Lair:2)
  10 blink frogs
  3 bog bodies
  Prince Ribbit (D:8)
  6 dream sheep (Lair:6)
  19 hornets
  23 slime creatures
  10 hippogriffs
  4 spriggans (Swamp:4)
  10 shadows
  67 redbacks
  11 wraiths
  25 tarantellas
  A vampire (D:15)
  4 wyverns
  9 hogs
  3 basilisks
  3 fire elementals (Orc:2)
  A human (D:7)
  25 yaks
  10 steam dragons
  2 hungry ghosts
  9 vampire mosquitoes
  2 soldier ants
  Menkaure (D:5)
  3 insubstantial wisps (Swamp:1)
  9 water moccasins
  19 swamp worms
  5 wargs (Orc:2)
  3 hell hounds (Orc:2)
  13 swamp drakes
  7 porcupines
  30 orc warriors
  A black bear (D:11)
  2 ice beasts
  6 boggarts (Vaults:1)
  2 necrophages
  21 ogres
  4 slaves
  4 phantoms
  13 wolves
  5 sky beasts
  3 eyes of draining
  8 centaurs
  9 big kobolds
  11 crocodiles
  18 bullfrogs
  A wyvern zombie (D:12)
  A wyvern skeleton (D:6)
  6 scorpions
  32 killer bees
  9 wights
  5 electric eels
  2 howler monkeys (D:14)
  6 crimson imps
  A jelly (D:12)
  2 centaur zombies
  A human simulacrum (Vaults:1)
  4 bullfrog zombies
  4 hounds
  4 centaur skeletons
  25 orc wizards
  39 orc priests
  11 worker ants
  2 hound zombies
  A howler monkey skeleton (D:7)
  10 gnolls
  14 adders
  4 shadow imps
  8 white imps (IceCv)
  5 ufetubi (IceCv)
  2 adder skeletons
  2 worms
  3 dart slugs
  7 leopard geckos
  85 orcs
  4 giant cockroaches
  7 goblins
  5 hobgoblins
  16 jackals
  24 kobolds
  3 quokkas
  A ball python (D:1)
  7 bats
  5 frilled lizards
  A quokka skeleton (D:4)
  5 rats
1258 creatures vanquished.

Vanquished Creatures (others)
  A swamp dragon (Swamp:4)
  A rime drake (Lair:4)
  A jumping spider (Spider:2)
  A boggart (Vaults:1)
  An orc wizard (D:12)
  2 white imps (IceCv)
  2 ufetubi (IceCv)
  9 fungi
  10 plants
28 creatures vanquished.

Grand Total: 1286 creatures vanquished

Notes
Turn   | Place    | Note
-------+----------+-------------------------------------------
     0 | D:1      | Borgoz the Gargoyle Gladiator began the quest for the Orb.
     0 | D:1      | Reached XP level 1. HP: 12/12 MP: 1/1
   454 | D:1      | Reached XP level 2. HP: 16/18 MP: 2/2
  1179 | D:2      | Reached skill level 1 in Armour
  1186 | D:2      | Reached XP level 3. HP: 21/22 MP: 3/3
  1251 | D:2      | Reached skill level 4 in Staves
  1251 | D:2      | Reached XP level 4. HP: 24/28 MP: 4/4
  1618 | D:3      | Found a faded altar of an unknown god.
  1648 | D:3      | Reached XP level 5. HP: 16/32 MP: 3/5
  1853 | D:3      | Reached skill level 5 in Staves
  1853 | D:3      | Reached XP level 6. HP: 18/38 MP: 4/6
  2014 | D:3      | Found a blossoming altar of Fedhas.
  2352 | D:3      | Found a shattered altar of Ashenzari.
  2364 | D:3      | Became a worshipper of Ashenzari the Shackled
  3051 | D:4      | Reached skill level 1 in Evocations
  3246 | D:4      | Noticed a phantom
  3272 | D:4      | Killed a phantom
  3272 | D:4      | Reached XP level 7. HP: 26/43 MP: 5/8
  3747 | D:5      | Entered Level 5 of the Dungeon
  3761 | D:5      | Reached skill level 6 in Staves
  3914 | D:5      | Reached XP level 8. HP: 28/48 MP: 5/9
  4091 | D:5      | Found a staircase to the Ecumenical Temple.
  4099 | D:5      | Noticed Menkaure
  4102 | D:5      | Reached skill level 5 in Fighting
  4116 | D:5      | Killed Menkaure
  4318 | Temple   | Entered the Ecumenical Temple
  4518 | D:5      | Reached skill level 7 in Staves
  4957 | D:5      | Reached * piety under Ashenzari
  5053 | D:5      | Found an iron altar of Okawaru.
  5055 | D:5      | Found a bloodstained altar of Trog.
  5056 | D:5      | Found a radiant altar of Vehumet.
  5057 | D:5      | Found a shimmering blue altar of Sif Muna.
  5160 | D:6      | Found a glowing golden altar of the Shining One.
  5307 | D:6      | Reached skill level 5 in Armour
  5734 | D:6      | Found Ruqog's Food Emporium.
  5829 | D:7      | Noticed Joseph
  5834 | D:7      | Reached XP level 9. HP: 41/55 MP: 7/11
  5865 | D:7      | Killed Joseph
  5865 | D:7      | Reached skill level 8 in Staves
  6481 | D:7      | Reached skill level 9 in Staves
  7221 | D:7      | Found a snail-covered altar of Cheibriados.
  7408 | D:8      | Reached skill level 5 in Evocations
  7408 | D:8      | Reached XP level 10. HP: 58/63 MP: 11/13
  7496 | D:8      | Noticed Psyche
  7504 | D:8      | Killed Psyche
  7514 | D:8      | Noticed Prince Ribbit
  7523 | D:8      | Found a runed translucent gate.
  7547 | D:8      | Killed Prince Ribbit
  7766 | D:7      | Noticed Pikel
  7882 | D:7      | Killed Pikel
  7882 | D:7      | Reached skill level 10 in Staves
  8569 | D:8      | Reached ** piety under Ashenzari
  8592 | D:8      | Found a burning altar of Makhleb.
  8741 | D:8      | Found a runed translucent gate.
  8743 | D:8      | Noticed LostGamesStreakFreak's ghost (novice MiFi)
  8744 | D:8      | Found a runed translucent gate.
  9443 | D:9      | Reached skill level 11 in Staves
  9810 | D:9      | Found Ivveum's Antique Armour Boutique.
  9813 | D:9      | Bought a bloodstained chain mail for 313 gold pieces
  9823 | D:9      | Identified the +1 chain mail of Ugoudgheu {rF+ MR+} (You
                  | bought it in a shop on level 9 of the Dungeon)
 10077 | D:10     | Entered Level 10 of the Dungeon
 10121 | D:10     | Found a flagged portal.
 10161 | D:10     | Reached XP level 11. HP: 69/69 MP: 14/14
 10190 | D:10     | Noticed Harold
 10217 | D:10     | Killed Harold
 10330 | Bailey   | Entered a bailey
 10368 | Bailey   | Noticed an orc knight
 10384 | Bailey   | Noticed an orc knight
 10386 | Bailey   | Killed an orc knight
 10472 | Bailey   | Killed an orc knight
 11248 | D:10     | Noticed Josephine
 11279 | D:10     | Killed Josephine
 11279 | D:10     | Reached skill level 12 in Staves
 11538 | D:10     | Found a staircase to the Orcish Mines.
 11978 | D:9      | Bought a translucent ring mail for 297 gold pieces
 12180 | D:11     | Noticed a seven-headed hydra
 12192 | D:11     | Killed a seven-headed hydra
 12327 | D:11     | Noticed Nergalle
 12352 | D:11     | Killed Nergalle
 12412 | D:11     | Reached skill level 10 in Fighting
 12686 | D:11     | Noticed a brown ugly thing
 12687 | D:11     | Reached XP level 12. HP: 72/77 MP: 16/16
 12846 | D:11     | Noticed a two-headed ogre
 12861 | D:11     | Killed a two-headed ogre
 13103 | D:11     | Reached skill level 13 in Staves
 13103 | D:11     | Reached skill level 10 in Armour
 13239 | D:11     | Found a staircase to the Lair.
 13668 | D:11     | Noticed a two-headed ogre
 13676 | D:11     | Killed a two-headed ogre
 14048 | D:12     | Reached *** piety under Ashenzari
 14423 | D:12     | Noticed Fannar
 14448 | D:12     | Noticed Nessos
 14451 | D:12     | Killed Fannar
 14476 | D:12     | Killed Nessos
 15079 | D:12     | Noticed Erolcha
 15092 | D:12     | Reached XP level 13. HP: 84/84 MP: 17/17
 15128 | D:12     | Killed Erolcha
 15305 | D:12     | Identified Sif Muna's Incunabulum of Glacial Boosts
 15503 | D:8      | Killed LostGamesStreakFreak's ghost
 15900 | D:13     | Reached skill level 14 in Staves
 15900 | D:13     | Reached skill level 5 in Dodging
 17897 | D:13     | Found Olodo's Magic Scroll Shoppe.
 17913 | D:13     | Bought a scroll of identify for 22 gold pieces
 17913 | D:13     | Bought a scroll of identify for 22 gold pieces
 17913 | D:13     | Bought a scroll of identify for 22 gold pieces
 17913 | D:13     | Bought a scroll of blinking for 82 gold pieces
 17916 | D:13     | Gained mutation: Your large and strong wings let you fly
                  | indefinitely. [Gargoyle growth]
 17916 | D:13     | Reached XP level 14. HP: 91/91 MP: 19/19
 18020 | Lair:1   | Entered Level 1 of the Lair of Beasts
 18669 | Lair:1   | Reached **** piety under Ashenzari
 19671 | Lair:2   | Identified the cursed +1 ring mail "Bogacal" {rPois} (You
                  | bought it in a shop on level 9 of the Dungeon)
 19752 | Lair:2   | Reached skill level 15 in Staves
 21495 | Lair:3   | Learned a level 1 spell: Confusing Touch
 21499 | Lair:3   | Learned a level 3 spell: Confuse
 21567 | Lair:3   | Found a staircase to the Swamp.
 22142 | Lair:4   | Reached XP level 15. HP: 79/97 MP: 11/20
 22355 | Lair:4   | Found a hole to the Spider Nest.
 24203 | Lair:5   | Identified a scroll of acquirement
 24215 | Lair:5   | Reached ***** piety under Ashenzari
 24245 | Lair:5   | Found a viscous altar of Jiyva.
 24348 | Lair:5   | Found a staircase to the Slime Pits.
 25121 | Lair:6   | Entered Level 6 of the Lair of Beasts
 25227 | Lair:6   | Reached skill level 16 in Staves
 26866 | Lair:4   | Identified the +9 short sword of Ragnarok {pierce, rElec}
 27671 | D:14     | Reached XP level 16. HP: 69/104 MP: 6/21
 27892 | D:14     | Found a gate to the Vaults.
 27923 | D:14     | Noticed Louise
 27940 | D:14     | Killed Louise
 28264 | D:14     | Identified the +1 rapier of Impermanence {pain, Int+4}
 28325 | D:14     | Noticed Rupert
 28344 | D:14     | Killed Rupert
 28602 | D:15     | Entered Level 15 of the Dungeon
 28691 | D:15     | Found a gate leading to a gauntlet.
 28821 | Gauntlet | Entered a Gauntlet
 28821 | Gauntlet | Found a transporter.
 28831 | Gauntlet | Found a transporter.
 28848 | Gauntlet | Found the +0 Maxwell's etheric cage {RegenMP+ *Contam rElec
                  | MP+4}
 28849 | Gauntlet | Found a transporter.
 28851 | Gauntlet | Found a transporter.
 28872 | Gauntlet | Found a transporter.
 28877 | Gauntlet | Identified the +0 morningstar of Ephaoses {flame, Fragile
                  | rElec rC+ Int+2}
 28885 | Gauntlet | Found a transporter.
 28898 | Gauntlet | Found a transporter.
 28925 | Gauntlet | Found a transporter.
 28925 | Gauntlet | Found a transporter.
 28931 | Gauntlet | Found a transporter.
 28964 | Gauntlet | Found a transporter.
 28964 | Gauntlet | Found a transporter.
 29032 | Gauntlet | Reached skill level 17 in Staves
 29289 | Gauntlet | Got the cursed leather armour of the Onion {rF++}
 29579 | D:15     | Identified the cursed +0 leather armour of the Onion {rF++}
                  | (You found it in a Gauntlet)
 29752 | D:15     | Found a staircase to the Depths.
 30373 | D:5      | Got the short sword of Ragnarok {pierce, rElec}
 30380 | D:5      | Identified the +9 short sword of Ragnarok {pierce, rElec}
                  | (You found it on level 5 of the Dungeon)
 30608 | Orc:1    | Entered Level 1 of the Orcish Mines
 30608 | Orc:1    | Found a roughly hewn altar of Beogh.
 31145 | Orc:2    | Entered Level 2 of the Orcish Mines
 31297 | Orc:2    | Noticed Azrael
 31308 | Orc:2    | Killed Azrael
 31467 | Orc:2    | Found a roughly hewn altar of Beogh.
 31776 | Orc:2    | Noticed Snorg
 31790 | Orc:2    | Killed Snorg
 31958 | Orc:2    | Found a staircase to the Elven Halls.
 31994 | Orc:2    | Found Hoh Wupp's Jewellery Boutique.
 31994 | Orc:2    | Found Gowneax's Magic Scroll Emporium.
 32056 | Orc:2    | Reached ****** piety under Ashenzari
 32143 | Orc:2    | Found Holopiz's Weapon Emporium.
 32187 | Orc:2    | Found Ucaucass's Antique Armour Boutique.
 32544 | Orc:2    | Bought a scroll of brand weapon for 320 gold pieces
 32564 | Orc:2    | Bought a scroll of remove curse for 48 gold pieces
 32564 | Orc:2    | Bought a scroll of remove curse for 48 gold pieces
 32564 | Orc:2    | Bought a scroll of remove curse for 48 gold pieces
 32828 | D:13     | Bought a scroll of remove curse for 33 gold pieces
 32828 | D:13     | Bought a scroll of remove curse for 33 gold pieces
 32828 | D:13     | Bought a scroll of enchant weapon for 82 gold pieces
 32828 | D:13     | Bought a scroll of fear for 38 gold pieces
 32984 | Swamp:1  | Entered Level 1 of the Swamp
 33166 | Swamp:1  | Noticed Donald
 33215 | Swamp:1  | Killed Donald
 33215 | Swamp:1  | Reached XP level 17. HP: 42/112 MP: 5/22
 33897 | Swamp:1  | Reached skill level 18 in Staves
 34163 | Swamp:2  | Identified Roxanne's Papyrus of the Rocks
 34163 | Swamp:2  | Noticed Roxanne
 34205 | Swamp:2  | Killed Roxanne
 34381 | Swamp:2  | Reached skill level 10 in Dodging
 34402 | Swamp:2  | Found a hazy altar of Hepliaklqana.
 34449 | Swamp:2  | Noticed Kirke
 34476 | Swamp:2  | Noticed a sphinx
 34478 | Swamp:2  | Noticed a sphinx
 34489 | Swamp:2  | Killed Kirke
 35342 | Swamp:3  | Reached skill level 15 in Fighting
 37024 | Swamp:4  | Entered Level 4 of the Swamp
 37055 | Swamp:4  | Reached skill level 15 in Armour
 37479 | Swamp:4  | Reached XP level 18. HP: 41/119 MP: 9/23
 37921 | Swamp:4  | Got the uncursed scale mail of Abstinence {rElec rN+}
 37934 | Swamp:4  | Identified the +1 scale mail of Abstinence {rElec rN+} (You
                  | found it on level 4 of the Swamp)
 38604 | Swamp:4  | Got a decaying rune of Zot
 39254 | Spider:1 | Entered Level 1 of the Spider Nest
 39266 | Spider:1 | Reached skill level 19 in Staves
 39568 | Spider:1 | Noticed Frances
 39576 | Spider:1 | Killed Frances
 42179 | Spider:4 | Entered Level 4 of the Spider Nest
 42220 | Spider:4 | Found a frozen archway.
 42232 | IceCv    | Entered an ice cave
 42390 | IceCv    | Reached XP level 19. HP: 109/126 MP: 20/24
 42590 | IceCv    | Got the demon whip of Unreason {drain, Str+5}
 42981 | Spider:4 | Identified the +3 demon whip of Unreason {drain, Str+5}
                  | (You found it in an ice cave)
 43929 | Spider:4 | Got a gossamer rune of Zot
 44338 | Vaults:1 | Entered Level 1 of the Vaults
 44568 | Vaults:1 | HP: 7/192 [deep troll[an ironheart preserver] (10)]
 44574 | Vaults:1 | HP: 6/192 [deep troll[an ironheart preserver] (2)]
 45172 | Vaults:1 | Reached skill level 20 in Staves
 45291 | Vaults:1 | Reached XP level 20. HP: 62/134 MP: 23/25
 45367 | Vaults:1 | HP: 5/134 [cyclops (23)]
 45407 | Vaults:1 | Slain by an ettin simulacrum

Levels and vault maps discovered:
D:1:      dpeg_arrival_windows_large_door, layout_basic
D:2:      layout_rooms
D:3:      layout_basic, lemuel_doored_altar, chequers_ecumenical_altar_simple,
          first_ration, corner_web_ring, cheibrodos_ashenzari_chains
D:4:      layout_gridville, minmay_misc_feat_square
D:5:      layout_loops_ring, minitemple, minmay_temple_entry_sparse_star,
          uniq_menkaure
D:6:      layout_gridville, old_standard_altar, serial_shops, shop_fountains
D:7:      layout_cave_pods, nrook_uturn, grunt_livestock, lemuel_tele_altar,
          uniq_pikel, uniq_joseph
D:8:      layout_basic, gammafunk_ghost_nasty_kobolds, makhleb_heckhound_becter,
          uniq_prince_ribbit1, uniq_psyche
D:9:      layout_basic, serial_shops, shop
D:10:     layout_loops_ring, orc_0_dummy, enter_bailey_3, serial_glass,
          glass_columns_c, glass_columns_a, minmay_strange_pillars,
          item_on_display_a, minmay_strange_pillars, item_on_display_a,
          kennysheep_another_room, uniq_harold, uniq_josephine
D:11:     layout_loops_ring, grunt_lair_entry_orc_guard_hut,
          minmay_misc_feat_five, uniq_nergalle
D:12:     layout_loops_cross, chequers_serial_rivers_micro_e,
          kennysheep_small_spiral, uniq_fannar, uniq_nessos, uniq_erolcha
D:13:     layout_rooms, serial_shops, shop
D:14:     layout_irregular_city, david_vaults_5, uniq_rupert, uniq_louise
D:15:     hangedman_depths_entry_try_elsewhere_first, layout_loops_ring,
          serial_park_avenue1, gauntlet_entry_generic, drop_trap, minmay_puff
Temple:   eino_temple_rhombus
Lair:1:   layout_regular_city, serial_bayou, serial_bayou_shore_b,
          serial_bayou_pond_a, serial_bayou_ford_a, serial_bayou_pond_b
Lair:2:   layout_roguey, special_room [special_room_bee], minivault_26,
          serial_bayou_shore_a
Lair:3:   layout_hall_layers, minmay_swamp_entry_worms,
          minmay_lair_oklob_chamber
Lair:4:   layout_regular_city, nicolae_spider_entry_tight_spaces,
          bobbens_dragon_lair_wall, infiniplex_staircase_pool
Lair:5:   layout_misc_corridors, slime_altar_1
Lair:6:   grunt_lair_end_beastmaster, layout_gridlike
Swamp:1:  layout_falls_marsh, evilmike_swamp_ruin_house_3, uniq_donald
Swamp:2:  layout_falls_marsh, nicolae_swamp_godswood, swamp_pool1, uniq_kirke,
          uniq_roxanne
Swamp:3:  layout_basic_swamp, evilmike_swamp_ruin_house_1
Swamp:4:  swamp, layout_basic_swamp, swamp_pool5
Spider:1: layout_spider_delve, uniq_frances
Spider:2: layout_spider_delve
Spider:3: layout_spider_delve, drop_trap, worms_lemuel
Spider:4: grunt_spider_rune_island, portal_ice_cave_entry_pillars_three
Orc:1:    layout_diamond_mine, basic_altar
Orc:2:    st_orc_town, layout_caves, uniq_snorg, uniq_azrael
Vaults:1: nicolae_vaults_border_crossing, vaults_room_hallway, v_misc_22,
          nicolae_vaults_triangles, nicolae_vaults_rhombus_6,
          nicolae_vaults_network_square, v_misc_16, nicolae_vaults_alarming,
          nicolae_vaults_meeting, nicolae_vaults_little_squares_5,
          nicolae_vaults_sealed_display, dpeg_vaults_monster_box,
          layout_vaults_omnibox, serial_shops, shop

Skill      XL: |  1  2  3  4  5  6  7  8  9 10 11 12 13 14 15 16 17 18 19 |
---------------+----------------------------------------------------------+-----
Armour         | 1 2 3 4 5 6 8 9 10 11 12 13 14 15 16 17 | 17.2
Fighting       | 3 4 5 7 8 10 11 12 13 14 15 16 17 | 17.4
Staves         | 4 5 6 7 9 11 12 13 14 15 16 17 18 19 20 | 20.1
Evocations     | 1 2 3 5 6 7 |  7.0
Dodging        | 3 4 6 7 8 9 10 11 12 | 12.6
Throwing       | |  1.7

Action                   |  1- 3 |  4- 6 |  7- 9 | 10-12 | 13-15 | 16-18 | 19-21 || total
-------------------------+-------+-------+-------+-------+-------+-------+-------++-------
Melee: Quarterstaff      |    92 |   219 |   439 |  1091 |  1736 |   290 |       ||  3867
       Lajatang          |       |       |       |       |       |  1768 |   655 ||  2423
Throw: Throwing net      |       |     2 |     6 |     5 |       |       |       ||    13
Invok: Curse Item        |       |       |       |       |     3 |       |       ||     3
       Scrying           |       |       |       |       |     1 |     1 |       ||     2
 Abil: Evoke Berserk Rag |       |       |     2 |    12 |    11 |     2 |     1 ||    28
       Evoke Flight      |       |       |       |     3 |       |       |       ||     3
       Fly               |       |       |       |       |     1 |       |       ||     1
Evoke: Wand              |       |       |     1 |    22 |     1 |    21 |     8 ||    53
  Use: Potion            |       |     3 |     7 |     4 |     3 |     6 |     5 ||    28
       Scroll            |       |       |     5 |    10 |    16 |    12 |     5 ||    48
 Stab: Held in net/web   |       |       |     4 |     3 |       |       |       ||     7
       Invisible         |       |       |     3 |       |       |     8 |       ||    11
       Confused          |       |       |       |       |     4 |     1 |       ||     5
  Eat: Chunk             |     1 |     7 |    12 |    25 |    43 |    22 |     7 ||   117
       Ration            |       |       |     1 |     4 |     4 |     8 |     1 ||    18
Armor: Leather armour    |    39 |   101 |    86 |       |       |       |       ||   226
       Skin              |       |       |    37 |       |       |       |       ||    37
       Ring mail         |       |       |    78 |   116 |       |       |       ||   194
       Chain mail        |       |       |       |   507 |   964 |  1321 |   411 ||  3203
Dodge: Dodged            |    57 |   159 |   264 |   479 |   700 |  1174 |   355 ||  3188

Table legend:
 A = Non-vault XP
 B = Vault XP
 C = Vault XP percentage of total XP
 D = Non-vault monster count
 E = Vault monster count
 F = Vault count percentage of total count
                 A         B        C        D         E       F
            +---------+---------+-------+---------+---------+-------
      Total |  233952 |  146402 |  38.5 |     876 |     381 |  30.3
            +---------+---------+-------+---------+---------+-------
        D:1 |      23 |       0 |   0.0 |      13 |       0 |   0.0
        D:2 |     136 |       0 |   0.0 |      28 |       0 |   0.0
        D:3 |     264 |       0 |   0.0 |      26 |       0 |   0.0
        D:4 |     318 |       0 |   0.0 |      18 |       0 |   0.0
        D:5 |     852 |     169 |  16.6 |      18 |       1 |   5.3
        D:6 |     616 |       0 |   0.0 |      19 |       0 |   0.0
        D:7 |     916 |    2073 |  69.4 |      23 |       7 |  23.3
        D:8 |     653 |    2280 |  77.7 |      19 |      12 |  38.7
        D:9 |    2387 |       0 |   0.0 |      23 |       0 |   0.0
       D:10 |     604 |    3105 |  83.7 |       4 |      11 |  73.3
       D:11 |    9222 |    1380 |  13.0 |      51 |       6 |  10.5
       D:12 |    6682 |    3339 |  33.3 |      36 |       3 |   7.7
       D:13 |    7004 |       0 |   0.0 |      31 |       0 |   0.0
       D:14 |    6099 |    9828 |  61.7 |      22 |      14 |  38.9
       D:15 |    8603 |    5116 |  37.3 |      21 |       9 |  30.0
     Lair:1 |    1990 |     493 |  19.9 |       7 |       2 |  22.2
     Lair:2 |    6828 |    1732 |  20.2 |      19 |      24 |  55.8
     Lair:3 |    2041 |    1729 |  45.9 |       8 |       5 |  38.5
     Lair:4 |    6996 |    6985 |  50.0 |      27 |      27 |  50.0
     Lair:5 |    5934 |       0 |   0.0 |      24 |       0 |   0.0
     Lair:6 |    7470 |    8523 |  53.3 |      26 |      17 |  39.5
    Swamp:1 |   14660 |    1311 |   8.2 |      30 |       1 |   3.2
    Swamp:2 |   14771 |    5304 |  26.4 |      27 |       8 |  22.9
    Swamp:3 |   21505 |     137 |   0.6 |      44 |       1 |   2.2
    Swamp:4 |   11173 |   14266 |  56.1 |      34 |      24 |  41.4
   Spider:1 |   13509 |    2048 |  13.2 |      39 |       1 |   2.5
   Spider:2 |   15839 |       0 |   0.0 |      45 |       0 |   0.0
   Spider:3 |   18512 |    3270 |  15.0 |      49 |       9 |  15.5
   Spider:4 |    6106 |   23710 |  79.5 |      20 |      37 |  64.9
      Orc:1 |    4728 |       0 |   0.0 |      34 |       0 |   0.0
      Orc:2 |    3375 |   10928 |  76.4 |      30 |      60 |  66.7
   Vaults:1 |   34136 |   25296 |  42.6 |      61 |      34 |  35.8
     Bailey |       0 |    1820 | 100.0 |       0 |      27 | 100.0
      IceCv |       0 |    5838 | 100.0 |       0 |      30 | 100.0
   Gauntlet |       0 |    5722 | 100.0 |       0 |      11 | 100.0
            +---------+---------+-------+---------+---------+-------
